Map: Tokamak LE

Players

ºKy

  • Race: Zerg Zerg
  • League: Master
  • Spawn Location: 1:00

Vendettavic - Winner!

  • Race: Protoss Protoss
  • League: Master
  • Spawn Location: 7:00

VOD

Have the link to the VOD?

Description

Time

  • Played on: July 6, 2025, 5:14 p.m.
  • Length: 11:03
Show
View Real Time Build Order
Export as new Build Order

ºKy Zerg 

Build Orders: Hatch First 

Get SALT Encoding   

  12  0:00  Drone  
  13  0:09  Drone  
  14  0:14  Extractor  
  14  0:16  Drone  
  15  0:25  Overlord  
  15  0:44  Drone  
  15  0:47  Drone  
  17  0:51  Hatchery  
  17  0:54  Drone  
  17  0:58  Drone  
  18  1:08  Extractor  
  17  1:13  Spawning Pool  
  17  1:17  Drone  
  17  1:21  Drone  
  18  1:35  Drone  
  18  1:38  Drone  
  20  1:53  Overlord  
  20  2:03  Queen x2  
  20  2:04  Zergling x4  
  26  2:12  Drone  
  27  2:17  Metabolic Boost  
  27  2:19  Drone  
  28  2:32  Hatchery  
  28  2:34  Drone  
  28  2:40  Drone x2  
  30  2:45  Overlord  
  30  2:46  Drone  
  31  2:54  Drone  
  32  3:01  Queen  
  32  3:04  Drone x3  
  37  3:14  Drone x4  
  41  3:20  Overlord, Drone  
  42  3:28  Drone  
  42  3:31  Drone  
  44  3:40  Zergling x2  
  45  3:41  Drone  
  45  3:43  Queen  
  48  3:50  Roach Warren  
  48  3:52  Drone x6  
  48  3:53  Overlord  
  48  3:54  Drone x2  
  54  4:02  Drone  
  55  4:06  Drone x2  
  55  4:09  Lair  
  57  4:12  Spore Crawler  
  57  4:14  Spore Crawler  
  55  4:19  Spore Crawler  
  54  4:27  Drone x3  
  54  4:29  Drone x8  
  65  4:44  Extractor  
  65  4:45  Extractor  
  63  4:47  Hatchery, Extractor x2, Drone  
  63  4:48  Overlord, Drone x4  
  65  4:55  Evolution Chamber  
  65  4:56  Evolution Chamber  
  63  5:01  Queen  
  65  5:09  Drone x3  
  65  5:10  Drone x3  
  65  5:12  Extractor  
  70  5:17  Overseer  
  72  5:21  Roach x2  
  72  5:22  Overlord  
  72  5:23  Overlord x2  
  72  5:24  Glial Reconstitution  
  74  5:33  Overlord  
  74  5:42  Roach x3  
  76  5:56  Roach  
  76  5:57  Roach  
  69  6:06  Overlord  
  65  6:17  Zergling x32  
  77  6:33  Drone x8  
  81  6:42  Drone x2  
  81  6:43  Drone x2  
  81  6:44  Queen x2  
  82  6:54  Queen  
  82  7:00  Drone x5  
  82  7:01  Queen  
  91  7:06  Drone x2  
  93  7:33  Drone  
  93  7:34  Drone x6  
  93  7:35  Extractor  
  99  7:39  Extractor  
  98  7:44  Drone x10  
  98  7:45  Hydralisk Den, Drone x3  
  110  7:53  Infestation Pit  
  109  8:01  Zerg Missile Weapons Level 1, Zerg Melee Weapons Level 1  
  109  8:03  Drone x7  
  109  8:04  Drone x4  
  120  8:15  Muscular Augments  
  120  8:17  Overlord x6  
  120  8:32  Hive  
  119  8:42  Hatchery  
  119  8:43  Hydralisk x13  
  119  8:48  Hydralisk x2  
  144  8:50  Overlord  
  148  9:22  Hydralisk  
  148  9:23  Hydralisk x8  
  166  9:24  Zergling x2  
  166  9:25  Zergling x14  
  166  9:26  Overlord  
  166  9:28  Overseer x2  
  171  9:47  Grooved Spines  
  126  10:09  Hydralisk x12  
Show
View Real Time Build Order
Export as new Build Order

Vendettavic Protoss - Winner!

Build Orders: 1 Gate Expand, Oracle Opening 

Get SALT Encoding   

  12  0:00  Probe  
  13  0:12  Probe  
  14  0:22  Pylon  
  14  0:24  Probe  
  15  0:39  Probe  
  15  0:40  Gateway  
  16  0:47  Probe  
  16  0:52  Assimilator  
  16  0:55  Probe  
  18  1:07  Probe  
  19  1:19  Probe  
  20  1:26  Nexus  
  20  1:36  Cybernetics Core  
  20  1:37  Probe  
  21  1:43  Assimilator  
  21  1:50  Pylon, Probe  
  22  1:59  Probe  
  22  2:04  Adept  
  23  2:11  Probe  
  26  2:18  Stargate  
  26  2:23  Probe  
  26  2:27  Warp Gate  
  27  2:35  Probe  
  28  2:39  Probe  
  28  2:42  Adept  
  31  2:47  Probe  
  32  2:52  Probe  
  32  2:53  Oracle  
  33  3:00  Probe  
  33  3:04  Probe  
  38  3:12  Probe  
  39  3:16  Probe  
  40  3:21  Nexus  
  40  3:25  Pylon  
  40  3:29  Probe x2  
  42  3:43  Twilight Council  
  42  3:48  Probe  
  42  3:49  Probe  
  42  3:54  Gateway  
  44  3:56  Shield Battery  
  44  4:00  Probe  
  44  4:01  Probe  
  44  4:02  Gateway  
  46  4:09  Resonating Glaives  
  46  4:12  Gateway  
  46  4:13  Probe  
  46  4:14  Probe  
  48  4:23  Adept  
  50  4:25  Probe  
  50  4:28  Assimilator  
  51  4:31  Assimilator  
  51  4:33  Pylon  
  51  4:35  Pylon  
  51  4:39  Probe  
  52  4:46  Probe  
  52  4:49  Adept  
  52  4:50  Adept  
  57  4:54  Probe  
  58  5:00  Adept  
  58  5:04  Pylon  
  58  5:06  Assimilator  
  60  5:10  Adept  
  60  5:11  Adept x2  
  66  5:19  Probe  
  67  5:22  Robotics Facility  
  67  5:24  Templar Archives  
  67  5:26  Probe  
  67  5:27  Stalker  
  70  5:32  Probe  
  71  5:52  Psionic Storm  
  71  5:56  Probe x2  
  73  6:02  Charge  
  71  6:18  Stalker x4  
  75  6:39  Immortal  
  75  6:47  Stalker x4  
  75  6:48  Probe  
  75  6:49  Probe  
  75  6:50  Probe  
  75  6:54  Gateway x2  
  80  6:56  Gateway  
  80  6:58  Probe  
  80  6:59  Probe  
  80  7:00  Gateway, Probe  
  79  7:02  Robotics Facility  
  79  7:03  Pylon  
  79  7:05  Forge  
  79  7:06  Probe  
  79  7:08  Probe  
  81  7:09  Probe  
  81  7:15  Assimilator  
  84  7:17  Pylon  
  84  7:22  Gateway x2  
  84  7:23  Immortal  
  84  7:24  High Templar  
  84  7:25  Gateway, High Templar x2  
  84  7:29  Probe x3  
  97  7:33  Shield Battery  
  97  7:34  Protoss Ground Weapons Level 1  
  97  7:37  Blink  
  97  7:41  Probe x2  
  97  7:42  High Templar  
  101  7:50  Zealot x2  
  105  8:00  Zealot x2  
  109  8:06  Nexus  
  109  8:08  Pylon  
  109  8:25  Warp Prism  
  109  8:26  Immortal, Probe x2  
  117  8:27  Pylon  
  117  8:29  Pylon  
  117  8:33  Pylon  
  117  8:36  Shield Battery  
  117  8:45  Probe x3  
  117  8:46  Zealot x2  
  124  8:56  Zealot  
  124  8:57  Zealot x6  
  124  8:59  High Templar  
  140  9:06  Gateway  
  140  9:07  Gateway  
  140  9:17  Photon Cannon  
  140  9:18  Photon Cannon  
  140  9:20  Shield Battery  
  140  9:21  Pylon  
  140  9:33  Zealot x6  
  152  9:46  Zealot x5  
  135  10:16  Zealot x12  
  135  10:17  Zealot  
  161  10:36  Zealot  
  161  10:41  Pylon x2, Probe  
  164  10:43  Pylon  
  164  10:53  Nexus  
  164  10:54  Pylon  
  164  11:00  Zealot x7  
  164  11:01  Zealot  
Tags
 
Add a new tag
Caveats
  • Supply blocks, unpowered buildings, or Contaminate may cause inaccurate times.
  • Supply counts are checked every 10 seconds.